 Seeded DCSS version 0.30-a0-56-ge6a4009bfd (webtiles) character file.

Game seed: 17246712331252751712 (custom seed)

6 wilfster70 the Caller (level 1, 13/13 HPs)
             Began as a Merfolk Summoner on Sept 10, 2022.
             Quit the game on level 1 of the Dungeon.
             The game lasted 00:01:28 (105 turns).

wilfster70 the Caller (Merfolk Summoner)             Turns: 105, Time: 00:01:28

Health: 13/13      AC:  2    Str:  8    XL:     1   Next: 90%
Magic:  2/3        EV: 12    Int: 14    God:
Gold:   0          SH:  0    Dex: 14    Spells: 3/4 levels left

rFire   . . .      SeeInvis .    (no weapon)
rCold   . . .      Faith    .    (no shield)
rNeg    . . .      Spirit   .    a - +0 robe
rPois   .          Reflect  .    (no helmet)
rElec   .          Harm     .    (no cloak)
rCorr   .          Rampage  .    (no gloves)
Will    .....                    (no boots)
Stlth   ++........               (no amulet)
HPRegen 0.04/turn                (no ring)
MPRegen 0.08/turn                (no ring)

@: no status effects
A: (nimble swimmer 2), mertail
a: no special abilities


You were on level 1 of the Dungeon.
You visited 1 branch of the dungeon, and saw 1 of its levels.

Inventory:

Armour
 a - a +0 robe (worn)
Scrolls
 c - a scroll of acquirement
Potions
 b - a potion of magic


   Skills:
 - Level 2.6 Dodging
 - Level 2.1 Stealth
 + Level 2.1 Spellcasting
 * Level 4.2 Summonings


You had 3 spell levels left.
You knew the following spells:

 Your Spells              Type           Power      Damage    Failure   Level
a - Summon Small Mammal   Summ           52%        N/A       4%          1

Your spell library contained the following spells:

 Spells                   Type           Power      Damage    Failure   Level
 Call Imp                 Summ           13%        N/A       6%          2
 Call Canine Familiar     Summ           13%        N/A       12%         3
 Summon Guardian Golem    Hex/Summ       7%         N/A       30%         3
 Passwall                 Tmut/Erth      0%         N/A       34%         2
 Poisonous Vapours        Pois/Air       2%         N/A       34%         2
 Swiftness                Air            1%         N/A       56%         3
 Summon Lightning Spire   Summ/Air       7%         N/A       69%         4
 Freezing Cloud           Conj/Ice/Air   0%         6-21      100%        5
 Irradiate                Conj/Tmut      0%         3d11      100%        5
 Dragon Form              Tmut           0%         N/A       100%        7


Dungeon Overview and Level Annotations

Branches:
Dungeon (1/15)

Altars:


Innate Abilities, Weirdness & Mutations

((You are very nimble when in or above water. (Stealth+, EV+, Speed+++)))
Your lower body shifts to a powerful aquatic tail in water.


Message History

Your quokka bites the endoplasm.
The endoplasm quivers.
The endoplasm hits your quokka.
Your quokka bites the endoplasm. x2
The endoplasm dies!
This is a scroll of acquirement!
You see here the Commentary on Breezy Shaping.
Something appears at your feet!
You pick up the Commentary on Breezy Shaping and begin reading...
You add the spells Poisonous Vapours, Passwall, Swiftness, Irradiate, Freezing Cloud and Dragon Form to your library.
You see here a quokka corpse.
Your quokka disappears in a puff of smoke!
Found a robe.
Found a stone staircase leading down.
You see here a +0 robe.
Casting: Summon Small Mammal (safe; 4% risk of failure)
Confirm with . or Enter, or press ? or * to list all spells.
A rat comes into view.
Found a scroll of acquirement.
Found 10 gold pieces.
Your bat hits the rat but does no damage.
Your bat closely misses the rat.
Casting: Summon Small Mammal (safe; 4% risk of failure)
Confirm with . or Enter, or press ? or * to list all spells.
Your bat barely misses the rat.
The rat bites you.
Your bat barely misses the rat.
The rat barely misses you.
You swap places.
Your bat hits the rat but does no damage. x2
The rat barely misses you. The rat attacks as you move away!
The rat bites you but does no damage.
Your bat hits the rat. Your bat misses the rat. Your bat hits the rat.
Your bat closely misses the rat.
Your bat hits the rat but does no damage.
The rat bites you but does no damage.
You swap places.
Your bat barely misses the rat.
Your bat hits the rat but does no damage.
Your bat hits the rat.
The rat dies!
c - a scroll of acquirement Are you sure you want to abandon this character and quit the game? (Confirm with "yes".)

#########
#.......#
#.....$.#
#.......#
#....b..#
#.....@.#
####.....b.#
#..........#
#.##.......#
##.#........#
#..#.########
# ##.##.#
#.####.....#
.........###


You could see 2 friendly bats.

Vanquished Creatures (collateral kills)
  A bat (D:1)
  2 endoplasms (D:1)
  A quokka (D:1)
  A rat (D:1)
5 creatures vanquished.

Notes
Turn   | Place    | Note
-------+----------+-------------------------------------------
     0 | D:1      | wilfster70 the Merfolk Summoner began the quest for the
                  | Orb.
     0 | D:1      | Reached XP level 1. HP: 13/13 MP: 3/3
    55 | D:1      | Identified a scroll of acquirement
    55 | D:1      | Acquired the Commentary on Breezy Shaping
   105 | D:1      | Quit the game

Illustrated notes

Levels and vault maps discovered:
D:1:      evilmike_arrival_plus, layout_rooms

Action                   || total
-------------------------++-------
 Cast: Summon Small Mamm ||     5
  Use: Scroll            ||     1
Armor: Robe              ||     2
Dodge: Dodged            ||     4

Table legend: (Time is in decaauts)
 A = Elapsed time spent in this place.
 B = Non-inter-level travel time spent in this place.
 C = Inter-level travel time spent in this place.
 D = Time resting spent in this place.
 E = Time spent auto-exploring this place.
 F = Levels seen in this place.
 G = Mean time per level.
                   A        B        C        D        E       F      G
               +--------+--------+--------+--------+--------+-----+--------+
         Total |    105 |    105 |      0 |      0 |      0 |   1 |  105.0 |
       Dungeon |    105 |    105 |      0 |      0 |      0 |   1 |  105.0 |
               +--------+--------+--------+--------+--------+-----+--------+

Top non-repeatable levels by time:
     D:1: 105 daAuts
